 Dungeon Crawl Stone Soup version 0.17-a0-1105-gbe8b664 (webtiles) character file.

4221 Grimpse the Blocker (level 10, -4/86 HPs)
             Began as a Minotaur Fighter on May 22, 2015.
             Was a Believer of Cheibriados.
             Slain by an orc warrior
             ... wielding a +0 halberd
              (14 damage)
             ... in a bailey.
             The game lasted 00:41:04 (7486 turns).

Grimpse the Blocker (Minotaur Fighter)              Turns: 7486, Time: 00:41:04

Health: -4/86      AC: 17    Str: 27    XL:     10   Next: 9%
Magic:  9/9        EV:  9    Int: 13    God:    Cheibriados [**....]
Gold:   401        SH: 13    Dex: 17    Spells: 0 memorised, 9 levels left

rFire  x . .     SeeInvis .     l - +2 spear (venom)
rCold  + . .     Clarity  .     n - +0 plate armour
rNeg   + . .     SustAb   .     p - +0 shield
rPois  .         Gourm    .     (helmet restricted)
rElec  .         Spirit   .     (no cloak)
rCorr  .         Warding  .     v - +0 pair of gloves
rMut   .         Stasis   .     k - +0 pair of boots
MR     .....                    (no amulet)
Stlth  ..........               F - ring of ice
                                r - ring of positive energy

@: very slow, not resistant to hostile enchantments, extremely unstealthy
A: retaliatory headbutt, horns 2, clever 1, regeneration 1, weak 1, evolution 1
a: Bend Time, Renounce Religion


You were in a bailey.
You worshipped Cheibriados.
Cheibriados was pleased with you.
You were not hungry.

You visited 1 branch of the dungeon, and saw 9 of its levels.
You also visited: Bailey.

You collected 401 gold pieces.

Inventory:

Hand weapons
 a - a +0 flail
 l - a +2 spear of venom (weapon)
 m - a +0 flail of protection
Armour
 k - a +0 pair of boots (worn)
 n - a +0 plate armour (worn)
 p - a +0 shield (worn)
 v - a +0 pair of gloves (worn)
Jewellery
 d - an uncursed ring of protection from cold
 r - a ring of positive energy (left hand)
 F - a ring of ice (right hand)
 I - an uncursed ring of flight {unknown}
 M - a cursed amulet of inaccuracy {unknown}
Magical devices
 g - a wand of polymorph (12)
 u - a wand of frost (20)
 x - a wand of hasting (4)
 C - a wand of fireball (0)
 J - a wand of enslavement (9)
 K - a wand of fireball (9)
Scrolls
 b - a scroll of blinking {unknown}
 c - 4 scrolls of immolation {unknown}
 h - 7 scrolls of identify
 i - 2 scrolls of teleportation
 q - a scroll of recharging
 y - a scroll of remove curse
 A - a scroll of amnesia {unknown}
 H - a scroll of holy word {unknown}
 L - a scroll of magic mapping {unknown}
 N - a scroll of enchant weapon {unknown}
Potions
 j - 4 potions of curing {unknown}
Books
 E - a book of Callings

   Spells                             Type                      Level
   a - Summon Small Mammal            Summoning                    1
   b - Call Imp                       Summoning                    2
   c - Call Canine Familiar           Summoning                    3
   d - Summon Guardian Golem          Hexes/Summoning              3
   e - Summon Lightning Spire         Summoning/Air                4
   f - Summon Ice Beast               Ice/Summoning                4
 G - a book of Unlife

   Spells                             Type                      Level
   a - Recall                         Summoning/Translocation      3
   b - Animate Dead                   Necromancy                   4
   c - Control Undead                 Necromancy                   4
   d - Cigotuvi's Embrace             Necromancy                   5
   e - Death Channel                  Necromancy                   6
   f - Simulacrum                     Ice/Necromancy               6
Comestibles
 e - 8 bread rations
 f - 6 fruits
 o - a beef jerky
 s - a meat ration


   Skills:
 + Level 7.5 Fighting
   Level 1.2(4.9) Axes
 + Level 4.7(4.8) Maces & Flails
 + Level 5.7(5.8) Polearms
 + Level 9.4 Armour
 + Level 4.6 Dodging
 + Level 1.2 Stealth
 + Level 10.6 Shields


You had 9 spell levels left.
You didn't know any spells.

Dungeon Overview and Level Annotations

Branches:
Dungeon (9/15)             Temple (0/1) D:7            Lair (0/8) D:8
    Orc: D:9-12

Altars:
Cheibriados
Dithmenos
Elyvilon
Fedhas
Nemelex Xobeh
Vehumet
Xom
Yredelemnul

Shops:
D:4 =   D:5 :

Annotations:
D:3 Sigmund
Abyss:1 Duvessa, Psyche, Robin


Innate Abilities, Weirdness & Mutations

You reflexively headbutt those who attack you in melee.
You have a pair of horns on your head.
Your mind is acute. (Int +2)
Your natural rate of healing is unusually fast.
You are weak. (Str -2)
You evolve.


Message History

Press: ? - help, Shift-Dir - straight line, f/p - orc warrior
Aim: an orc warrior, wielding a halberd and wearing a scale mail (moderately wounded)
The fireball explodes!
The fireball engulfs the orc warrior.
The orc warrior is heavily wounded.
The fireball engulfs the orc.
You kill the orc!
Cheibriados appreciates the change of pace.
The fireball engulfs the orc.
You kill the orc!
Cheibriados thoroughly appreciates the change of pace.
The fireball engulfs the orc warrior.
The orc warrior is severely wounded.
The fireball engulfs the orc warrior.
The orc warrior is severely wounded.
The fireball engulfs the orc.
You kill the orc!
Cheibriados appreciates the change of pace.
Evoking this partially-identified wand wasted a few charges.
The orc warrior hits you from afar with a halberd!
You die...

## ############ ...
##........∩.## ....
######........))..#
.....#.$)o#.......)))..#
o....'.$.o'@.......)))∩#
.....#.$oo#............#
o.. ######............#
. ##........∩.##
############


You could see 3 orc warriors and an orc.

Vanquished Creatures
  Menkaure (D:7)
  A hungry ghost (D:7)
  A water moccasin (D:9)
  2 sky beasts
  A necrophage (D:8)
  3 orc warriors
  A phantom (D:4)
  3 ogres
  3 centaurs
  4 giant frogs
  3 jellies (D:8)
  Dowan (D:7)
  2 scorpions
  3 killer bees (D:8)
  3 wights (D:8)
  A giant frog zombie (D:8)
  A centaur zombie (D:8)
  5 orc priests
  3 centaur skeletons
  A crimson imp (D:6)
  A hound (D:8)
  A giant frog skeleton (D:8)
  2 orc wizards
  3 iguanas
  8 worker ants
  A hound skeleton (D:7)
  8 adders
  8 gnolls
  A shadow imp (D:6)
  3 worms
  3 giant geckos
  36 orcs
  A ball python (D:3)
  10 bats
  7 giant cockroaches
  13 hobgoblins
  3 quokkas
  A giant gecko skeleton (D:4)
  6 giant newts
  18 goblins
  12 jackals
  9 kobolds
  A quokka skeleton (D:4)
  13 rats
212 creatures vanquished.

Vanquished Creatures (others)
  The ghost of Cryogen the Fighter, an experienced MiFi of Makhleb (Bailey)
  A shadow (D:8)
  A killer bee (D:8)
  2 orcs
  A giant cockroach (D:3)
  A goblin (D:4)
  A fungus (D:8)
8 creatures vanquished.

Grand Total: 220 creatures vanquished

Notes
Turn   | Place    | Note
--------------------------------------------------------------
     0 | D:1      | Grimpse the Minotaur Fighter began the quest for the Orb.
     0 | D:1      | Reached XP level 1. HP: 19/19 MP: 0/0
   483 | D:1      | Reached XP level 2. HP: 27/27 MP: 1/1
   545 | D:2      | Found a radiant altar of Vehumet.
   576 | D:2      | Reached skill level 4 in Fighting
   848 | D:2      | Reached XP level 3. HP: 33/33 MP: 2/2
   929 | D:2      | Found a blossoming altar of Fedhas.
  1158 | D:2      | Gained mutation: You are weak. (Str -2) [potion of mutation]
  1158 | D:2      | Gained mutation: Your mind is acute. (Int +2) [potion of mutation]
  1158 | D:2      | Gained mutation: You evolve. [potion of mutation]
  1201 | D:2      | Reached skill level 1 in Dodging
  1359 | D:2      | Reached XP level 4. HP: 38/40 MP: 3/3
  1481 | D:2      | Reached skill level 1 in Axes
  1654 | D:3      | Noticed Robin
  1871 | D:3      | HP: 2/40 [orc (3)]
  1877 | D:3      | Reached XP level 5. HP: 4/47 MP: 4/4
  2249 | D:3      | Reached skill level 1 in Polearms
  2448 | D:3      | Noticed Sigmund
  2636 | D:3      | Banished Robin
  2636 | D:3      | Reached skill level 5 in Shields
  2649 | D:3      | Reached XP level 6. HP: 15/53 MP: 5/5
  2913 | D:3      | Found a shimmering altar of Xom.
  3416 | D:4      | Found Dupauc's Jewellery Shoppe.
  3790 | D:4      | Reached skill level 5 in Armour
  3996 | D:4      | Reached XP level 7. HP: 49/60 MP: 6/6
  4156 | D:5      | Entered Level 5 of the Dungeon
  4156 | D:5      | Found Gacw's Book Shoppe.
  4179 | D:5      | Reached skill level 5 in Fighting
  4179 | D:5      | Reached skill level 6 in Shields
  4274 | D:5      | Reached skill level 1 in Stealth
  4317 | D:5      | Found a basalt altar of Yredelemnul.
  4490 | D:5      | Reached skill level 7 in Shields
  4775 | D:6      | Reached XP level 8. HP: 70/70 MP: 7/7
  5089 | D:6      | Got a faintly glowing shield
  5090 | D:6      | Identified the cursed -8 shield "Neaman" {*Confuse rElec Dex+2} (You found it on level 6 of the Dungeon)
  5540 | D:7      | Found a snail-covered altar of Cheibriados.
  5552 | D:7      | Became a worshipper of Cheibriados the Contemplative
  5586 | D:7      | Noticed Dowan
  5587 | D:7      | Noticed Duvessa
  5592 | D:7      | Killed Dowan
  5677 | D:7      | Found a staircase to the Ecumenical Temple.
  5863 | D:7      | Reached skill level 8 in Shields
  5864 | D:7      | Noticed Menkaure
  5870 | D:7      | Killed Menkaure
  5884 | D:7      | Found a shadowy altar of Dithmenos.
  6053 | D:7      | Banished Duvessa
  6150 | D:7      | Found a white marble altar of Elyvilon.
  6318 | D:8      | Found a sparkling altar of Nemelex Xobeh.
  6341 | D:8      | Acquired Cheibriados's first power
  6348 | D:8      | Found a staircase to the Lair.
  6355 | D:8      | Noticed a wandering mushroom
  6625 | D:8      | Reached XP level 9. HP: 78/78 MP: 8/8
  6820 | D:8      | Reached skill level 9 in Shields
  6834 | D:8      | Noticed Psyche
  6840 | D:8      | Banished Psyche
  7014 | D:8      | Reached skill level 5 in Polearms
  7281 | D:8      | Reached skill level 10 in Shields
  7314 | D:8      | Gained mutation: Your natural rate of healing is unusually fast. [evolution]
  7382 | D:9      | Found a flagged portal.
  7394 | Bailey   | Entered a bailey
  7453 | Bailey   | Noticed Cryogen's ghost (experienced MiFi)
  7468 | Bailey   | Banished Cryogen's ghost
  7468 | Bailey   | Reached XP level 10. HP: 68/86 MP: 9/9
  7486 | Bailey   | Slain by an orc warrior

Vault maps used:
D:1:      lightli_arrival_chessboard, minivault_11
D:2:      lemuel_round_altar, nicolae_overflow_hidden_temple, first_bread
D:3:      xom_teletrap_fun, serial_co_window_serial, co_window_paths_b,
          co_window_corner_a, co_window_paths_a, co_window_paths_a,
          co_window_corner_a, co_window_broadway_b, co_window_unsneaky_path_c,
          co_window_broadway_c, co_window_broadway_c, glass_columns_a,
          uniq_sigmund, uniq_robin
D:4:      serial_shops, shop, kennysheep_cross_bottleneck,
          minmay_misc_feat_ornament
D:5:      nicolae_overflow_crystal_walls, serial_shops, shop,
          minmay_fountain_box
D:6:      kennysheep_decorative_pillar, st_stairs_12
D:7:      grunt_dithmenos_smoke_and_mirrors, lemuel_round_altar, basic_altar,
          uniq_menkaure, uniq_duvessa
D:8:      lemuel_round_altar, dpeg_oklobed_lair, uniq_psyche
D:9:      enter_bailey_2, hangedman_tell_no_tales
Bailey:   bailey_polearm_5, bailey

Action                   |  1- 3 |  4- 6 |  7- 9 | 10-12 || total
-------------------------+-------+-------+-------+-------++-------
Melee: Hand axe          |    78 |    12 |       |       ||    90
       Flail             |     1 |    50 |    61 |       ||   112
       Spear             |       |   133 |   248 |     3 ||   384
Evoke: Wand              |       |       |       |     2 ||     2
  Use: Scroll            |     5 |     1 |     3 |     1 ||    10
       Potion            |     4 |     2 |     2 |     4 ||    12
  Eat: Chunk             |       |     6 |     1 |       ||     7
       Beef jerky        |       |     2 |       |       ||     2
       Fruit             |       |     2 |       |       ||     2
       Meat ration       |       |       |     2 |       ||     2
       Pizza             |       |       |     2 |       ||     2
